 Dungeon Crawl Stone Soup version 0.30-a0-168-g0b976cbdc4 (webtiles) character file.

Game seed: 9329739091692000804

1472 qw the Cleaver (level 8, -4/49 HPs)
             Began as a Gargoyle Fighter on Sept 29, 2022.
             Slain by a steam dragon (6 damage)
             ... on level 6 of the Dungeon.
             The game lasted 00:01:57 (5484 turns).

qw the Cleaver (Gargoyle Fighter)                   Turns: 5484, Time: 00:01:57

Health: -4/49      AC: 21    Str: 22    XL:     8   Next: 78%
Magic:  8/8        EV: 10    Int:  9    God:
Gold:   541        SH:  4    Dex:  9    Spells: 7/7 levels left

rFire   . . .      SeeInvis .    Y - +1 war axe
rCold   + . .      Faith    .    c - +0 buckler
rNeg    + . .      Spirit   .    f - +0 plate armour
rPois   inf        Reflect  .    i - +0 helmet
rElec   +          Harm     .    e - +0 cloak
rCorr   .          Rampage  .    (no gloves)
Will    .....                    j - +0 pair of boots
Stlth   ..........               (no amulet)
HPRegen 0.16/turn                g - ring of protection from cold
MPRegen 0.11/turn                l - +4 ring of evasion

@: about to teleport
A: sickness immunity, AC +5, negative energy resistance 1, electricity
resistance, torment resistance 1, petrification resistance
a: no special abilities


You were on level 6 of the Dungeon.
You visited 1 branch of the dungeon, and saw 6 of its levels.

You collected 679 gold pieces.
You spent 138 gold pieces at shops.


Innate Abilities, Weirdness & Mutations

You are immune to sickness and miasma.
Your stone body is resilient. (AC +5)
You are immune to poison.
You resist negative energy. (rN+)
You are resistant to electric shocks. (rElec)
You are resistant to unholy torment.
You are immune to petrification.


   Skills:
 + Level 5.1 Fighting
 - Level 8.0 Axes
 - Level 2.1 Throwing
 - Level 5.0 Armour
 - Level 1.9 Dodging
 - Level 3.2 Shields


You had 7 spell levels left.
You didn't know any spells.
Your spell library was empty.

Inventory:

Hand Weapons
 k - a +0 flail
 Y - a +1 war axe (weapon)
Missiles
 b - 2 boomerangs
 q - a javelin (quivered)
Armour
 c - a +0 buckler (worn)
 e - a +0 cloak (worn)
 f - a +0 plate armour (worn)
 i - a +0 helmet (worn)
 j - a +0 pair of boots (worn)
Jewellery
 g - a ring of protection from cold (left hand)
 l - a +4 ring of evasion (right hand)
Scrolls
 n - a scroll of amnesia {unknown}
 p - 6 scrolls of identify
Potions
 a - 4 potions of attraction
 d - 3 potions of might
 h - 3 potions of lignification
 m - 3 potions of haste
 o - a potion of curing
 r - 2 potions of degeneration {unknown}

Dungeon Overview and Level Annotations

Branches:
Dungeon (6/15)
 Temple: D:4-7

Altars:

Shops:
D:4 (   D:5 ?*:


Message History

You slice the steam dragon!!
The steam dragon is almost dead.
You closely miss the orc priest.
The orc priest hits you but does no damage.
The steam dragon bites you but does no damage.
The steam dragon barely misses you.
You barely miss the steam dragon.
The steam dragon is almost dead.
You hit the orc priest but do no damage.
The orc priest begins to cast a cantrip, but forgets the words!
The steam dragon breathes steam at you.
The ball of steam hits you but does no damage.
The orc priest closely misses you.
The steam dragon bites you but does no damage.
The steam dragon barely misses you.
You hear a shout!
You closely miss the steam dragon.
The steam dragon is almost dead.
You slash the orc priest! You barely miss the orc priest.
You are engulfed in a cloud of scalding steam.
The orc priest hits you with a +0 flail.
You block the orc priest's attack.
The steam dragon bites you but does no damage.
The steam dragon claws you.
5483 ||| READING scroll of teleportation.
As you read the scroll of teleportation, it crumbles to dust.
You feel strangely unstable.
You are engulfed in a cloud of scalding steam.
The orc priest calls down the wrath of Beogh upon you.
Pain shoots through your body! The orc priest barely misses you.
You block the steam dragon's attack. The steam dragon closely misses you.
You closely miss the steam dragon.
The steam dragon is almost dead.
You hit the orc priest.
You kill the orc priest!
The orc priest blocks your attack.
You are engulfed in a cloud of scalding steam.
The orc priest miscasts a cantrip.
The steam dragon bites you.
You die...

..... #.... #..[. ¤.># o
#..# oo #..# ... #¤¤#
.... #..# #### .(o.. #@)#
.... ...(..###Do# .....
.....oo....# ..... ##
##########.#...... ..
##############.#......
#############............
¤¤¤.0......##............
##########.##............
00...¤¤¤¤¤.##............


You could see a steam dragon and an orc priest (reflecting).

Vanquished Creatures
  A wyvern (D:6)
  Pargi (D:3)
  2 ice beasts (D:6)
  2 black bears
  An ogre (D:5)
  2 scorpions
  A howler monkey (D:5)
  4 hounds
  2 jellies (D:5)
  2 orc priests
  3 iguanas (D:4)
  2 orc wizards
  Robin (D:2)
  7 gnolls (D:4)
  5 adders
  A shadow imp (D:5)
  2 white imps
  4 ufetubi
  2 worms
  3 dart slugs
  8 orcs
  14 ball pythons
  11 endoplasms
  6 giant cockroaches
  10 goblins
  17 hobgoblins
  3 jackals (D:1)
  10 kobolds
  2 quokkas
  8 bats
  5 frilled lizards
  4 rats
146 creatures vanquished.

Vanquished Creatures (others)
  2 plants (D:3)
2 creatures vanquished.

Grand Total: 148 creatures vanquished

Notes
Turn   | Place    | Note
-------+----------+-------------------------------------------
     0 | D:1      | qw the Gargoyle Fighter began the quest for the Orb.
     0 | D:1      | Reached XP level 1. HP: 14/14 MP: 1/1
     0 | D:1      | 0 ||| qw: Version: 0.2-a-12-gaebbb33
     0 | D:1      | 0 ||| qw: Game counter: 1154
     0 | D:1      | 0 ||| qw: Always use a shield: true
     0 | D:1      | 0 ||| qw: God list: Okawaru
     0 | D:1      | 0 ||| qw: Allow faded altars: false
     0 | D:1      | 0 ||| qw: Do Orc after D:15 true
     0 | D:1      | 0 ||| qw: Do second Lair branch before Depths: true
     0 | D:1      | 0 ||| qw: Lair rune preference: random
     0 | D:1      | 0 ||| qw: Plans: Normal, Zot:1-4, God:TSO, Crypt, Tomb,
                  | Pan, Slime:5, Hells, Abyss, Orb
     0 | D:1      | 0 ||| PLANNING D:1-11
    12 | D:1      | 12 ||| Stepping ~*~*~tactically~*~*~ (hiding).
    23 | D:1      | Reached skill level 2 in Axes
   150 | D:1      | Reached XP level 2. HP: 17/19 MP: 2/2
   295 | D:1      | 295 ||| Stepping ~*~*~tactically~*~*~ (stealth).
   298 | D:1      | 298 ||| Stepping ~*~*~tactically~*~*~ (stealth).
   533 | D:1      | Reached skill level 3 in Axes
   583 | D:1      | Reached XP level 3. HP: 22/23 MP: 3/3
  1054 | D:1      | 1054 ||| Stepping ~*~*~tactically~*~*~ (stealth).
  1085 | D:1      | Found a faded altar of an unknown god.
  1238 | D:1      | 1238 ||| Stepping ~*~*~tactically~*~*~ (hiding).
  1315 | D:1      | 1315 ||| UPGRADING to +0 cloak.
  1320 | D:1      | 1320 ||| UPGRADING to +0 helmet.
  1325 | D:1      | 1325 ||| UPGRADING to +0 pair of boots.
  1330 | D:1      | 1330 ||| UPGRADING to ring of protection from cold.
  1331 | D:1      | 1331 ||| READING scroll labelled YDWAON DYSUYB.
  1335 | D:1      | 1335 ||| READING scroll labelled YBLAUTI YNUMUPH.
  1336 | D:1      | 1336 ||| READING scroll labelled BEZIAL LORHU LEHY.
  1337 | D:1      | 1337 ||| DRINKING 2 glowing silvery potions.
  1411 | D:2      | 1411 ||| STAIRDANCE
  1451 | D:2      | Reached XP level 4. HP: 28/28 MP: 4/4
  1865 | D:2      | 1865 ||| Stepping ~*~*~tactically~*~*~ (stealth).
  1868 | D:2      | 1868 ||| Stepping ~*~*~tactically~*~*~ (stealth).
  1869 | D:2      | 1869 ||| Stepping ~*~*~tactically~*~*~ (stealth).
  1870 | D:2      | 1870 ||| Stepping ~*~*~tactically~*~*~ (stealth).
  1872 | D:2      | Noticed Robin
  1877 | D:2      | Reached skill level 1 in Throwing
  1891 | D:2      | Killed Robin
  1892 | D:2      | Reached skill level 4 in Axes
  2251 | D:2      | 2251 ||| READING 2 scrolls labelled XYISASIZ MAZEO.
  2252 | D:2      | 2252 ||| READING scroll labelled ATHEZENK FEIN.
  2253 | D:2      | 2253 ||| DRINKING 3 fuming dark potions.
  2254 | D:2      | 2254 ||| DROPPING scroll of magic mapping.
  2596 | D:3      | Noticed Pargi
  2598 | D:3      | 2598 ||| Stepping ~*~*~tactically~*~*~ (stealth).
  2625 | D:3      | Killed Pargi
  2626 | D:3      | Reached skill level 5 in Axes
  2626 | D:3      | Reached XP level 5. HP: 11/32 MP: 5/5
  2629 | D:3      | 2629 ||| Stepping ~*~*~tactically~*~*~ (stealth).
  2631 | D:3      | 2631 ||| Stepping ~*~*~tactically~*~*~ (stealth).
  2632 | D:3      | 2632 ||| Stepping ~*~*~tactically~*~*~ (stealth).
  2635 | D:3      | 2635 ||| Stepping ~*~*~tactically~*~*~ (stealth).
  2636 | D:3      | 2636 ||| Stepping ~*~*~tactically~*~*~ (stealth).
  2638 | D:3      | 2638 ||| Stepping ~*~*~tactically~*~*~ (stealth).
  2784 | D:3      | 2784 ||| FLEEEEING.
  2785 | D:3      | 2785 ||| FLEEEEING.
  2786 | D:3      | 2786 ||| FLEEEEING.
  2787 | D:3      | 2787 ||| FLEEEEING.
  2788 | D:3      | 2788 ||| FLEEEEING.
  2789 | D:3      | 2789 ||| FLEEEEING.
  2790 | D:3      | 2790 ||| FLEEEEING.
  2791 | D:3      | 2791 ||| FLEEEEING.
  2792 | D:3      | 2792 ||| FLEEEEING.
  2793 | D:3      | 2793 ||| FLEEEEING.
  2794 | D:3      | 2794 ||| FLEEEEING.
  2795 | D:3      | 2795 ||| FLEEEEING.
  2796 | D:3      | 2796 ||| FLEEEEING.
  2797 | D:3      | 2797 ||| FLEEEEING.
  2798 | D:3      | 2798 ||| FLEEEEING.
  2830 | D:3      | 2830 ||| DROPPING +0 club.
  2986 | D:3      | 2986 ||| DROPPING amulet of faith.
  2987 | D:3      | 2987 ||| DRINKING 3 green potions.
  3017 | D:4      | 3017 ||| STAIRDANCE
  3062 | D:4      | Reached XP level 6. HP: 19/38 MP: 6/6
  3062 | D:4      | 3062 ||| STAIRDANCE
  3255 | D:4      | Noticed a black bear
  3257 | D:4      | Killed a black bear
  3258 | D:4      | Reached skill level 1 in Dodging
  3535 | D:4      | 3535 ||| Stepping ~*~*~tactically~*~*~ (stealth).
  3549 | D:4      | Reached XP level 7. HP: 40/43 MP: 7/7
  3554 | D:4      | 3554 ||| Stepping ~*~*~tactically~*~*~ (hiding).
  3672 | D:4      | 3672 ||| DROPPING +0 whip.
  3823 | D:4      | 3823 ||| Stepping ~*~*~tactically~*~*~ (hiding).
  3841 | D:4      | HP: 9/43 [gnoll/+0 halberd (4)]
  3842 | D:4      | 3842 ||| READING scroll of teleportation.
  4172 | D:4      | 4172 ||| Stepping ~*~*~tactically~*~*~ (stealth).
  4174 | D:4      | 4174 ||| Stepping ~*~*~tactically~*~*~ (stealth).
  4175 | D:4      | 4175 ||| Stepping ~*~*~tactically~*~*~ (stealth).
  4177 | D:4      | 4177 ||| Stepping ~*~*~tactically~*~*~ (hiding).
  4178 | D:4      | 4178 ||| Stepping ~*~*~tactically~*~*~ (hiding).
  4190 | D:4      | Reached skill level 6 in Axes
  4384 | D:4      | 4384 ||| Stepping ~*~*~tactically~*~*~ (stealth).
  4387 | D:4      | 4387 ||| Stepping ~*~*~tactically~*~*~ (stealth).
  4481 | D:4      | Found Cusouph's Weapon Boutique.
  4583 | D:4      | 4583 ||| UPGRADING to +0 plate armour.
  4593 | D:4      | 4593 ||| DROPPING +0 scale mail.
  4594 | D:4      | 4594 ||| DROPPING +0 leather armour of fire resistance.
  4595 | D:4      | 4595 ||| UPGRADING to +4 ring of evasion.
  4606 | D:5      | Entered Level 5 of the Dungeon
  4607 | D:5      | 4607 ||| Stepping ~*~*~tactically~*~*~ (hiding).
  4608 | D:5      | 4608 ||| Stepping ~*~*~tactically~*~*~ (hiding).
  4684 | D:5      | 4684 ||| Stepping ~*~*~tactically~*~*~ (stealth).
  4694 | D:5      | 4694 ||| FLEEEEING.
  4695 | D:5      | 4695 ||| FLEEEEING.
  4696 | D:5      | 4696 ||| STAIRDANCE
  4753 | D:5      | 4753 ||| Stepping ~*~*~tactically~*~*~ (stealth).
  4828 | D:5      | 4828 ||| Stepping ~*~*~tactically~*~*~ (stealth).
  4835 | D:5      | 4835 ||| Stepping ~*~*~tactically~*~*~ (stealth).
  4844 | D:5      | Reached XP level 8. HP: 26/48 MP: 8/8
  5009 | D:5      | Found Gaohuh's Assorted Antiques.
  5019 | D:5      | Found Jaokaix's Book Boutique.
  5021 | D:5      | Found Kokkoh's Magic Scroll Emporium.
  5025 | D:5      | 5025 ||| BUYING scroll labelled MEON YSAPEG (23 gold).
  5025 | D:5      | Bought a scroll labelled MEON YSAPEG for 23 gold pieces
  5029 | D:5      | 5029 ||| BUYING scroll of enchant weapon (75 gold).
  5029 | D:5      | Bought a scroll of enchant weapon for 75 gold pieces
  5029 | D:5      | 5029 ||| BUYING scroll of identify (20 gold).
  5029 | D:5      | Bought a scroll of identify for 20 gold pieces
  5029 | D:5      | 5029 ||| BUYING scroll of identify (20 gold).
  5029 | D:5      | Bought a scroll of identify for 20 gold pieces
  5029 | D:5      | 5029 ||| READING scroll of enchant weapon.
  5029 | D:5      | 5029 ||| ENCHANTING +0 war axe.
  5050 | D:5      | Reached skill level 7 in Axes
  5331 | D:5      | 5331 ||| READING scroll labelled MEON YSAPEG.
  5374 | D:6      | Identified the +5 sling of Larahobb {vorpal, rElec rF+
                  | rCorr Dex+3}
  5452 | D:6      | 5452 ||| Stepping ~*~*~tactically~*~*~ (stealth).
  5459 | D:6      | Noticed a wyvern
  5460 | D:6      | 5460 ||| DRINKING 2 potions of curing.
  5460 | D:6      | 5460 ||| (to cure confusion)
  5461 | D:6      | 5461 ||| Stepping ~*~*~tactically~*~*~ (hiding).
  5467 | D:6      | Killed a wyvern
  5468 | D:6      | 5468 ||| Stepping ~*~*~tactically~*~*~ (hiding).
  5469 | D:6      | 5469 ||| Stepping ~*~*~tactically~*~*~ (hiding).
  5475 | D:6      | Reached skill level 8 in Axes
  5479 | D:6      | HP: 12/49 [steam dragon] (12)]
  5483 | D:6      | 5483 ||| READING scroll of teleportation.
  5483 | D:6      | HP: 2/49 [orc priest/nerve-wracking pain (5)]
  5484 | D:6      | Slain by a steam dragon

Levels and vault maps discovered:
D:1:      erik_arrival_orb_chamber, layout_basic, basic_ecumenical_altar,
          minmay_pentomino_t2
D:2:      layout_loops_ring, uniq_robin
D:3:      layout_rooms, dreamdust_princess_bridge, corexii_shack, uniq_pargi
D:4:      minmay_polygon_palace, layout_basic, serial_shops, nicolae_shop_stone,
          minmay_crystal_room
D:5:      layout_rooms, nicolae_wooded_promenade, st_stairs_5
D:6:      lemuel_ice_spiral_2, layout_basic, makhleb_heckhound_becter,
          uniq_blork_the_orc, uniq_edmund

Skill      XL: |  1  2  3  4  5  6  7  8 |
---------------+-------------------------+-----
Axes           | 2 3 5 6 8 |  8.0
Throwing       | 1 2 |  2.1
Fighting       | 4 5 |  5.1
Dodging        | 1 |  1.9
Armour         | 4 5 |  5.0
Shields        | |  3.2

Action                   |  1- 3 |  4- 6 |  7- 9 || total
-------------------------+-------+-------+-------++-------
Melee: War axe           |   116 |   112 |   166 ||   394
Throw: Javelin           |       |    30 |    36 ||    66
       Boomerang         |       |       |     3 ||     3
  Use: Scroll            |     3 |     2 |     4 ||     9
       Potion            |     1 |     2 |     1 ||     4
Armor: Scale mail        |    60 |    92 |    41 ||   193
       Plate armour      |       |       |    78 ||    78
Dodge: Dodged            |    54 |    72 |   106 ||   232
Block: Buckler           |    22 |    34 |    38 ||    94

Table legend:
 A = Non-vault XP
 B = Vault XP
 C = Vault XP percentage of total XP
 D = Non-vault monster count
 E = Vault monster count
 F = Vault count percentage of total count
                 A         B        C        D         E       F
            +---------+---------+-------+---------+---------+-------
      Total |    1708 |     436 |  20.3 |     109 |      37 |  25.3
            +---------+---------+-------+---------+---------+-------
        D:1 |      67 |       3 |   4.3 |      38 |       2 |   5.0
        D:2 |      35 |      33 |  48.5 |      13 |      10 |  43.5
        D:3 |      14 |     136 |  90.7 |       7 |       2 |  22.2
        D:4 |     461 |     126 |  21.5 |      26 |      19 |  42.2
        D:5 |     538 |     138 |  20.4 |      17 |       4 |  19.0
        D:6 |     593 |       0 |   0.0 |       8 |       0 |   0.0
            +---------+---------+-------+---------+---------+-------
